 Dungeon Crawl Stone Soup version 0.31-a0-177-g4aa6249778 (webtiles) character file.

Game seed: 17726045505135724923

5826 qw the Cleaver (level 10, 0/64 HPs)
             Began as a Gargoyle Fighter on June 18, 2023.
             Was an Elder of Okawaru.
             Slain by an unseen horror (1 damage)
             ... on level 10 of the Dungeon.
             The game lasted 00:04:40 (8975 turns).

qw the Cleaver (Gargoyle Fighter)                   Turns: 8975, Time: 00:04:41

Health: 0/64       AC: 19    Str: 24    XL:     10   Next: 80%
Magic:  13/13      EV:  7    Int:  9    God:    Okawaru [****..]
Gold:   438        SH:  9    Dex:  9    Spells: 9/9 levels left

rFire   + + .        Y - +4 war axe
rCold   . . .        c - +0 buckler
rNeg    + . .        m - +0 plate armour {rF+}
rPois   inf          (no helmet)
rElec   +            (no cloak)
rCorr   .            (no gloves)
SInv    .            (no boots)
Will    .....        h - amulet of reflection Stlth
                     i - ring of protection from fire
HPRegen 0.30/turn    (no ring)
MPRegen 0.13/turn

%: reflection
@: no status effects
A: sickness immunity, AC +7, negative energy resistance 1, electricity
resistance, torment resistance 1, petrification resistance
a: Renounce Religion, Heroism, Finesse


You were on level 10 of the Dungeon.
You worshipped Okawaru.
Okawaru was greatly pleased with you.
You visited 2 branches of the dungeon, and saw 11 of its levels.
You also visited: Sewer.

You collected 438 gold pieces.


Innate Abilities, Weirdness & Mutations

You are immune to sickness and miasma.
Your stone body is resilient. (AC +7)
You are immune to poison.
You resist negative energy. (rN+)
You are resistant to electric shocks. (rElec)
You are resistant to unholy torment.
You are immune to petrification.


   Skills:
 + Level 8.0 Fighting
 - Level 11.0 Axes
 - Level 1.3 Throwing
 - Level 6.1 Armour
 - Level 1.0 Dodging
 - Level 5.3 Shields
 + Level 5.3 Invocations


You had 9 spell levels left.
You didn't know any spells.
Your spell library was empty.

Inventory:

Hand Weapons
 g - a +0 flail
 Y - a +4 war axe (weapon)
Missiles
 n - 7 boomerangs (quivered)
Armour
 c - a +0 buckler (worn)
 m - a +0 plate armour of fire resistance (worn)
Jewellery
 h - an amulet of reflection (around neck)
 i - a ring of protection from fire (left hand)
Scrolls
 a - 5 scrolls of identify
 p - 2 scrolls of teleportation
Potions
 b - a potion of haste
 d - 5 potions of might
 e - 5 potions of curing
 j - a potion of cancellation
 k - a potion of lignification
 o - a potion of mutation

Dungeon Overview and Level Annotations

Branches:
Dungeon (10/15)            Temple (1/1) D:5           Sewer (visited)
   Lair: D:8-11         Orc: D:9-12

Altars:
Ashenzari
Dithmenos
Elyvilon
Fedhas
Gozag
Hepliaklqana
Kikubaaqudgha
Makhleb
Nemelex Xobeh
Okawaru
Qazlal
Sif Muna
Trog
Vehumet
Xom
Yredelemnul
Zin
The Shining One

Annotations:
D:7 exclusion: electric eel


Message History

You start resting.
You block something's attack.
Deactivating autopickup; reactivate with Ctrl-A.
You miss something. Something hits you but does no damage.
You swing at nothing.
Something hits you. Something hits you but does no damage.
You miss something. Something completely misses you.
Something hits you but does no damage.
You barely miss something. Something hits you!
You barely miss something. Something hits you!
Something hits you but does no damage.
You hit something. Something hits you but does no damage.
You swing at nothing.
Something hits you!
You miss something. Something hits you but does no damage. Something hits you.
You swing at nothing.
Something hits you.
You miss something. Something hits you but does no damage.
You miss something. Something hits you but does no damage.
You swing at nothing.
Something hits you but does no damage. x2
You barely miss something. Something hits you. Something completely misses you.
You barely miss something.
Something hits you but does no damage. x2
You slash something! Something hits you but does no damage.
You swing at nothing.
You block something's attack.
You miss something. Something hits you.
You swing at nothing.
Something hits you.
You die...

#....########.....
##....# #.....
#...### #.....
#.....# #...
#.....# ######..#
####### ........#
........#
........#
.......@#
#.......#
#####...# #....
#.... #.....
#..... #......


There were no monsters in sight!

Vanquished Creatures
  A two-headed ogre (D:9)
  2 kobold demonologists
  A troll (D:9)
  A hornet (D:9)
  A shadow (D:10)
  A wraith (D:9)
  2 wyverns (D:9)
  3 yaks (D:9)
  A vampire mosquito (D:10)
  Menkaure (D:4)
  An acid dragon (D:10)
  Duvessa (D:7)
  5 orc warriors
  3 ice beasts
  2 ogres (D:5)
  A centaur (D:9)
  A phantom (D:6)
  2 kobold brigands (D:7)
  3 bullfrogs
  2 scorpions (D:7)
  5 wights (D:8)
  Dowan (D:7)
  6 killer bees (D:9)
  An electric eel (D:7)
  2 howler monkeys
  2 hounds
  A jelly (D:5)
  2 orc priests (D:8)
  5 iguanas
  3 orc wizards
  8 adders
  A gnoll (D:7)
  2 river rats (Sewer)
  A white imp (D:5)
  3 ufetubi
  6 worms
  4 dart slugs
  26 orcs
  8 ball pythons
  7 endoplasms
  4 giant cockroaches
  9 goblins
  13 hobgoblins
  4 jackals (D:2)
  3 quokkas
  10 bats
  5 frilled lizards
  15 kobolds
  8 rats
200 creatures vanquished.

Vanquished Creatures (others)
  A butterfly (D:7)
1 creature vanquished.

Grand Total: 201 creatures vanquished

Notes
Turn   | Place    | Note
-------+----------+-------------------------------------------
     0 | D:1      | qw the Gargoyle Fighter began the quest for the Orb.
     0 | D:1      | Reached XP level 1. HP: 14/14 MP: 1/1
     0 | D:1      | 0 ||| qw: Version: 0.3-a-5-g6f28e65
     0 | D:1      | 0 ||| qw: Game counter: 605
     0 | D:1      | 0 ||| qw: Always use a shield: true
     0 | D:1      | 0 ||| qw: God list: Okawaru
     0 | D:1      | 0 ||| qw: Allow faded altars: false
     0 | D:1      | 0 ||| qw: Do Orc after D:15 true
     0 | D:1      | 0 ||| qw: Do second Lair branch before Depths: true
     0 | D:1      | 0 ||| qw: Lair rune preference: random
     0 | D:1      | 0 ||| qw: Plans: Normal, Zot:1-4, Slime:5, God:TSO, Crypt,
                  | Tomb, Abyss, Pan, Hells, Win
     0 | D:1      | 0 ||| PLANNING D:1-11
    33 | D:1      | Reached skill level 2 in Axes
   110 | D:1      | Reached XP level 2. HP: 19/19 MP: 2/2
   186 | D:1      | 186 ||| Stepping ~*~*~tactically~*~*~ (stealth).
   249 | D:1      | 249 ||| Stepping ~*~*~tactically~*~*~ (hiding).
   300 | D:1      | 300 ||| Stepping ~*~*~tactically~*~*~ (stealth).
   309 | D:1      | Reached skill level 3 in Axes
   316 | D:1      | Reached XP level 3. HP: 23/23 MP: 3/3
   498 | D:1      | 498 ||| READING scroll labelled CIURATTIELEOJ.
   499 | D:1      | 499 ||| READING scroll labelled HAINAXISMIO.
   504 | D:1      | 504 ||| READING scroll labelled VETIENIATA.
   505 | D:1      | 505 ||| READING scroll labelled CAIWKO XUILA.
   506 | D:1      | 506 ||| READING scroll labelled SUSKEITHR URYLY.
   507 | D:1      | 507 ||| READING scroll labelled HIGIAV KO ATT.
   640 | D:2      | 640 ||| Stepping ~*~*~tactically~*~*~ (stealth).
   732 | D:2      | 732 ||| Stepping ~*~*~tactically~*~*~ (hiding).
   733 | D:2      | 733 ||| Stepping ~*~*~tactically~*~*~ (hiding).
   795 | D:2      | 795 ||| FLEEEEING.
   799 | D:2      | 799 ||| FLEEEEING.
   800 | D:2      | 800 ||| FLEEEEING.
   801 | D:2      | 801 ||| STAIRDANCE
   815 | D:1      | 815 ||| UPGRADING to +3 scale mail.
   825 | D:1      | 825 ||| DROPPING +0 scale mail.
   826 | D:1      | 826 ||| READING scroll labelled QIXTAL NEALARPH.
   992 | D:2      | Reached XP level 4. HP: 27/28 MP: 4/4
  1020 | D:2      | 1020 ||| Stepping ~*~*~tactically~*~*~ (stealth).
  1022 | D:2      | 1022 ||| Stepping ~*~*~tactically~*~*~ (stealth).
  1049 | D:2      | Reached skill level 4 in Axes
  1286 | D:2      | 1286 ||| UPGRADING to +0 plate armour.
  1296 | D:2      | 1296 ||| DROPPING +3 scale mail.
  1297 | D:2      | 1297 ||| READING 4 scrolls of identify.
  1297 | D:2      | 1297 ||| IDENTIFYING fuming pink potion
  1298 | D:2      | 1298 ||| DROPPING potion of degeneration.
  1417 | D:3      | 1417 ||| Stepping ~*~*~tactically~*~*~ (stealth).
  1496 | D:3      | 1496 ||| DRINKING 2 brown potions.
  1631 | D:3      | 1631 ||| DROPPING +0 whip.
  1896 | D:3      | 1896 ||| READING scroll labelled VOG NEFAURO.
  1897 | D:3      | 1897 ||| READING 4 scrolls of identify.
  1897 | D:3      | 1897 ||| IDENTIFYING puce potion
  1898 | D:3      | 1898 ||| DROPPING potion of brilliance.
  1982 | D:3      | 1982 ||| DRINKING 2 black potions.
  2006 | D:3      | 2006 ||| UPGRADING to amulet of reflection.
  2326 | D:3      | 2326 ||| DROPPING amulet of the acrobat.
  2383 | D:4      | 2383 ||| Stepping ~*~*~tactically~*~*~ (stealth).
  2384 | D:4      | 2384 ||| Stepping ~*~*~tactically~*~*~ (stealth).
  2398 | D:4      | Reached XP level 5. HP: 27/32 MP: 5/5
  2412 | D:4      | 2412 ||| Stepping ~*~*~tactically~*~*~ (stealth).
  2416 | D:4      | 2416 ||| Stepping ~*~*~tactically~*~*~ (stealth).
  2466 | D:4      | Reached skill level 5 in Axes
  2693 | D:4      | 2693 ||| Stepping ~*~*~tactically~*~*~ (hiding).
  2715 | D:4      | Noticed an ice beast
  2728 | D:4      | Killed an ice beast
  2729 | D:4      | Reached XP level 6. HP: 20/40 MP: 6/6
  2923 | D:4      | 2923 ||| Stepping ~*~*~tactically~*~*~ (hiding).
  3080 | D:4      | Noticed Menkaure
  3081 | D:4      | 3081 ||| Stepping ~*~*~tactically~*~*~ (hiding).
  3082 | D:4      | 3082 ||| Stepping ~*~*~tactically~*~*~ (hiding).
  3083 | D:4      | 3083 ||| Stepping ~*~*~tactically~*~*~ (hiding).
  3084 | D:4      | 3084 ||| Stepping ~*~*~tactically~*~*~ (hiding).
  3098 | D:4      | Killed Menkaure
  3099 | D:4      | Reached skill level 6 in Axes
  3099 | D:4      | Reached XP level 7. HP: 14/44 MP: 7/7
  3267 | D:4      | 3267 ||| READING 3 scrolls of enchant weapon.
  3267 | D:4      | 3267 ||| ENCHANTING +1 war axe.
  3268 | D:4      | 3268 ||| READING 2 scrolls of enchant weapon.
  3268 | D:4      | 3268 ||| ENCHANTING +2 war axe.
  3269 | D:4      | 3269 ||| READING scroll of enchant weapon.
  3269 | D:4      | 3269 ||| ENCHANTING +3 war axe.
  3463 | D:4      | 3463 ||| Stepping ~*~*~tactically~*~*~ (stealth).
  3805 | D:4      | 3805 ||| UPGRADING to ring of protection from fire.
  3806 | D:4      | 3806 ||| READING 7 scrolls of identify.
  3806 | D:4      | 3806 ||| IDENTIFYING emerald potion
  3855 | D:5      | Entered Level 5 of the Dungeon
  3855 | D:5      | Found a staircase to the Ecumenical Temple.
  3856 | D:5      | 3856 ||| PLANNING SEWER
  3966 | D:5      | 3966 ||| Stepping ~*~*~tactically~*~*~ (hiding).
  3967 | D:5      | 3967 ||| Stepping ~*~*~tactically~*~*~ (hiding).
  4020 | D:5      | HP: 6/44 [ogre/+0 giant spiked club (20)]
  4214 | D:5      | Reached skill level 7 in Axes
  4439 | D:5      | Found a glowing drain.
  4445 | D:5      | 4445 ||| DROPPING +6 ring of intelligence.
  4446 | D:5      | 4446 ||| READING scroll labelled ZOLEYN GEDO.
  4451 | D:5      | 4451 ||| Stepping ~*~*~tactically~*~*~ (water).
  4465 | Sewer    | Entered a sewer
  4493 | Sewer    | 4493 ||| Stepping ~*~*~tactically~*~*~ (water).
  4534 | Sewer    | 4534 ||| Stepping ~*~*~tactically~*~*~ (water).
  4535 | Sewer    | 4535 ||| Stepping ~*~*~tactically~*~*~ (stealth).
  4563 | Sewer    | 4563 ||| Stepping ~*~*~tactically~*~*~ (stealth).
  4566 | Sewer    | Reached skill level 1 in Dodging
  4663 | Sewer    | 4663 ||| Stepping ~*~*~tactically~*~*~ (water).
  4707 | Sewer    | 4707 ||| READING 2 scrolls labelled WAECEE ETZAAGG.
  4708 | Sewer    | 4708 ||| READING scroll labelled HESHA FELOMM.
  4709 | Sewer    | 4709 ||| READING 7 scrolls of identify.
  4709 | Sewer    | 4709 ||| IDENTIFYING fizzy green potion
  4710 | Sewer    | 4710 ||| READING 6 scrolls of identify.
  4710 | Sewer    | 4710 ||| IDENTIFYING purple potion
  4711 | Sewer    | 4711 ||| DROPPING scroll of fear.
  4712 | Sewer    | 4712 ||| DROPPING potion of invisibility.
  4740 | D:5      | 4740 ||| PLANNING TEMPLE
  4812 | Temple   | Entered the Ecumenical Temple
  4821 | Temple   | 4821 ||| PLANNING OKAWARU WORSHIP
  4868 | Temple   | Became a worshipper of Warmaster Okawaru
  4869 | Temple   | 4869 ||| PLANNING D:1-11
  4998 | D:6      | 4998 ||| Stepping ~*~*~tactically~*~*~ (stealth).
  4999 | D:6      | 4999 ||| Stepping ~*~*~tactically~*~*~ (stealth).
  5023 | D:6      | Reached XP level 8. HP: 41/49 MP: 8/8
  5382 | D:6      | Reached skill level 1 in Throwing
  6023 | D:7      | Noticed Duvessa
  6023 | D:7      | Noticed Dowan
  6033 | D:7      | Killed Duvessa
  6047 | D:7      | Killed Dowan
  6238 | D:7      | Reached skill level 8 in Axes
  6375 | D:7      | Reached * piety under Okawaru
  6381 | D:7      | 6381 ||| INVOKING Heroism.
  6458 | D:7      | Reached skill level 6 in Fighting
  6504 | D:7      | 6504 ||| FLEEEEING.
  6505 | D:7      | 6505 ||| DROPPING amulet of magic regeneration.
  6567 | D:7      | 6567 ||| Stepping ~*~*~tactically~*~*~ (hiding).
  6671 | D:7      | Reached skill level 1 in Invocations
  6693 | D:7      | 6693 ||| Stepping ~*~*~tactically~*~*~ (stealth).
  6848 | D:7      | Noticed a kobold demonologist
  6853 | D:7      | Reached XP level 9. HP: 53/56 MP: 8/10
  6867 | D:7      | Killed a kobold demonologist
  6868 | D:7      | Reached skill level 3 in Invocations
  6917 | D:7      | Reached ** piety under Okawaru
  6918 | D:7      | Reached skill level 9 in Axes
  6960 | D:7      | Found a white marble altar of Elyvilon.
  7288 | D:7      | 7288 ||| READING 6 scrolls of identify.
  7288 | D:7      | 7288 ||| IDENTIFYING viscous yellow potion
  7289 | D:7      | 7289 ||| READING 5 scrolls of identify.
  7289 | D:7      | 7289 ||| IDENTIFYING white potion
  7290 | D:7      | 7290 ||| READING 4 scrolls of identify.
  7290 | D:7      | 7290 ||| IDENTIFYING orange potion
  7291 | D:7      | 7291 ||| DROPPING potion of berserk rage.
  7292 | D:7      | 7292 ||| DROPPING potion of ambrosia.
  7322 | D:8      | 7322 ||| Stepping ~*~*~tactically~*~*~ (stealth).
  7323 | D:8      | 7323 ||| Stepping ~*~*~tactically~*~*~ (stealth).
  7325 | D:8      | 7325 ||| INVOKING Heroism.
  7377 | D:8      | 7377 ||| INVOKING Heroism.
  7385 | D:8      | 7385 ||| DRINKING 6 potions of curing.
  7385 | D:8      | 7385 ||| (to cure confusion)
  7404 | D:8      | 7404 ||| Stepping ~*~*~tactically~*~*~ (hiding).
  7603 | D:8      | 7603 ||| Stepping ~*~*~tactically~*~*~ (stealth).
  7619 | D:8      | 7619 ||| INVOKING Heroism.
  7712 | D:8      | Found a sparkling altar of Nemelex Xobeh.
  7830 | D:8      | 7830 ||| READING scroll labelled GIOS MOG VEORGH.
  7831 | D:8      | 7831 ||| READING scroll labelled MUUKOU NEYRUO.
  7832 | D:8      | 7832 ||| READING 3 scrolls of identify.
  7832 | D:8      | 7832 ||| IDENTIFYING sapphire potion
  7881 | D:9      | Noticed a two-headed ogre
  7882 | D:9      | 7882 ||| INVOKING Heroism.
  7889 | D:9      | Killed a two-headed ogre
  7889 | D:9      | Reached *** piety under Okawaru
  7890 | D:9      | Reached skill level 10 in Axes
  7890 | D:9      | Reached XP level 10. HP: 52/63 MP: 11/13
  7939 | D:9      | 7939 ||| INVOKING Heroism.
  7979 | D:9      | Reached skill level 6 in Armour
  8003 | D:9      | 8003 ||| Stepping ~*~*~tactically~*~*~ (stealth).
  8166 | D:9      | Noticed a kobold demonologist
  8170 | D:9      | Noticed a sun demon
  8181 | D:9      | Killed a kobold demonologist
  8205 | D:9      | 8205 ||| INVOKING Heroism.
  8474 | D:9      | Reached **** piety under Okawaru
  8717 | D:9      | 8717 ||| UPGRADING to +0 plate armour of fire resistance.
  8727 | D:9      | 8727 ||| DROPPING +0 plate armour.
  8733 | D:10     | Entered Level 10 of the Dungeon
  8824 | D:10     | Found a bloodstained altar of Trog.
  8872 | D:10     | 8872 ||| INVOKING Heroism.
  8883 | D:10     | Reached skill level 11 in Axes
  8885 | D:10     | HP: 16/64 [wraith (10)]
  8886 | D:10     | 8886 ||| READING 3 scrolls of teleportation.
  8887 | D:10     | 8887 ||| DRINKING potion of heal wounds.
  8965 | D:10     | HP: 16/64 [something (3)]
  8970 | D:10     | HP: 6/64 [something (5)]
  8974 | D:10     | HP: 1/64 [something (6)]
  8975 | D:10     | Slain by an unseen horror

Levels and vault maps discovered:
D:1:      dpeg_arrival_fog, layout_rooms
D:2:      layout_rooms, columned_hall_lemuel
D:3:      layout_basic, minmay_puff
D:4:      layout_layer_cave, kennysheep_small_circle, uniq_menkaure
D:5:      layout_basic, minmay_temple_entry_statues_pillars,
          cheibrodos_sewer_entry_bend
D:6:      layout_layer_cave, minmay_door_square, kennysheep_generic_room_6
D:7:      layout_loops_ring, nicolae_elyvilon_peaceful_grove,
          kennysheep_opposing_triangles, uniq_duvessa
D:8:      layout_rooms, nemelex_diamond_rough_becter, supply_closet_lemuel,
          grunt_decor_arrowhead
D:9:      layout_roguey
D:10:     layout_irregular_city, slow_altar_2, hangedman_ru_absence,
          mainiacjoe_overflow_alcove_4, mainiacjoe_overflow_surrounded_room,
          mainiacjoe_overflow_24_doors, orc_0_dummy, hangedman_decor_push,
          minmay_starry_boxes, uniq_harold
Temple:   eino_wide_crystal_templ

Skill      XL: |  1  2  3  4  5  6  7  8  9 10 |
---------------+-------------------------------+-----
Axes           | 2 3 4 5 6 7 8 10 11 | 11.0
Fighting       | 4 5 6 7 8 |  8.0
Dodging        | 1 |  1.0
Armour         | 4 5 6 |  6.1
Throwing       | 1 |  1.3
Invocations    | 1 4 5 |  5.3
Shields        | 4 5 |  5.3

Action                     |  1- 3 |  4- 6 |  7- 9 | 10-12 || total
---------------------------+-------+-------+-------+-------++-------
  Melee: War axe           |   121 |   167 |   292 |    95 ||   675
  Throw: Boomerang         |     3 |       |    79 |    23 ||   105
 Invoke: Heroism           |       |       |     5 |     3 ||     8
    Use: Scroll            |     7 |     3 |    15 |     1 ||    26
         Potion            |       |     2 |     1 |     1 ||     4
 Armour: Scale mail        |    56 |    22 |       |       ||    78
         Plate armour      |       |    66 |   131 |    62 ||   259
  Dodge: Dodged            |    62 |    56 |    55 |    29 ||   202
  Block: Buckler           |    22 |    48 |   105 |    47 ||   222
         Reflection        |       |       |     1 |       ||     1

Table legend:
 A = Non-vault XP
 B = Vault XP
 C = Vault XP percentage of total XP
 D = Non-vault monster count
 E = Vault monster count
 F = Vault count percentage of total count
                 A         B        C        D         E       F
            +---------+---------+-------+---------+---------+-------
      Total |    7063 |    1261 |  15.1 |     167 |      33 |  16.5
            +---------+---------+-------+---------+---------+-------
        D:1 |      42 |       0 |   0.0 |      25 |       0 |   0.0
        D:2 |      64 |       0 |   0.0 |      32 |       0 |   0.0
        D:3 |      37 |      17 |  31.5 |      18 |       3 |  14.3
        D:4 |     309 |     208 |  40.2 |      17 |       2 |  10.5
        D:5 |     353 |       5 |   1.4 |       9 |       1 |  10.0
        D:6 |     216 |      39 |  15.3 |       5 |       2 |  28.6
        D:7 |    1315 |     360 |  21.5 |      20 |       6 |  23.1
        D:8 |    1038 |       0 |   0.0 |      21 |       0 |   0.0
        D:9 |    3689 |       0 |   0.0 |      20 |       0 |   0.0
       D:10 |       0 |     539 | 100.0 |       0 |       3 | 100.0
      Sewer |       0 |      93 | 100.0 |       0 |      16 | 100.0
            +---------+---------+-------+---------+---------+-------
